 Dungeon Crawl Stone Soup version 0.32-a0-975-g85d4e5bfdb (webtiles) character file.

Game seed: 8633499863524114871

42 ezpacito the Trooper (level 3, -3/29 HPs)
             Began as a Coglin Chaos Knight on Apr 19, 2024.
             Was a Plaything of Xom.
             Slain by a gnoll
             ... wielding a +0 spear
              (7 damage)
             ... on level 2 of the Dungeon.
             The game lasted 00:00:49 (1138 turns).

ezpacito the Trooper (Coglin Chaos Knight)          Turns: 1138, Time: 00:00:49

Health: -3/29      AC:  5    Str: 14    XL:     3   Next: 56%
Magic:  3/3        EV: 10    Int: 11    God:    Xom [..*...]
Gold:   32         SH:  0    Dex: 13    Spells: 2/2 levels left

rFire   . . .        a - +0 hand axe (chaos) {Kulveer}
rCold   . . .        d - +0 dagger {Narong}
rNeg    . . .        b - +2 leather armour
rPois   .            (no helmet)
rElec   .            (no cloak)
rCorr   .            (no gloves)
SInv    .            (no boots)
Will    .....        (amulet unavailable)
Stlth   +            (ring unavailable)
HPRegen 0.24/turn    (ring unavailable)
MPRegen 0.08/turn    (no gizmo)

%: no passive effects
@: fugue, revved
A: off-hand wielding, slow wielding, warmup strikes, no jewellery
a: Invent Gizmo, Renounce Religion


You were on level 2 of the Dungeon.
You worshipped Xom.
You were a toy of Xom.
You visited 1 branch of the dungeon, and saw 2 of its levels.

You collected 32 gold pieces.

Inventory:

Hand Weapons
 a - a +0 hand axe of chaos (weapon) {Kulveer}
 d - a +0 dagger (offhand) {Narong}
Missiles
 i - a throwing net (quivered)
Armour
 b - a +2 leather armour (worn)
Scrolls
 c - a scroll of butterflies
 f - a scroll of revelation {unknown}
 g - a scroll of blinking {unknown}
 j - a scroll of teleportation {unknown}
 l - a scroll of identify {unknown}
 m - a scroll of vulnerability {unknown}
Potions
 e - a potion of lignification {unknown}
 h - a potion of attraction {unknown}
 k - a potion of heal wounds {unknown}


   Skills:
 * Level 3.4 Fighting
 * Level 3.1(3.2) Axes
 * Level 0.7(2.0) Polearms
 * Level 2.2 Armour
 * Level 1.2 Dodging
 + Level 0.3 Stealth
 + Level 0.2 Spellcasting


You had 2 spell levels left.
You didn't know any spells.
Your spell library contained the following spells:

 Spells                   Type           Power      Damage    Failure   Level
 Freeze                   Ice            0%         1d3       41%         1
 Frozen Ramparts          Ice            0%         1d1       78%         3
 Hailstorm                Conj/Ice       0%         3d5       78%         3


Dungeon Overview and Level Annotations

Branches:
Dungeon (2/15)

Altars:


Innate Abilities, Weirdness & Mutations

You can wield a second weapon in your off-hand.
It takes a long time for you to wield or remove held weapons.
Your first few attacks do less damage.
You cannot equip rings or amulets.


Message History

2 gnolls come into view.
The gnoll shouts!
Found a stone staircase leading up.
A gnoll comes into view. It is wielding a +0 halberd.
The gnoll hits you but does no damage.
You hit the gnoll but do no damage.
You closely miss the gnoll with your +0 dagger.
The gnoll hits you but does no damage. The gnoll barely misses you.
You hit the gnoll but do no damage.
You hit the gnoll with your +0 hand axe of chaos.
You freeze the gnoll. The gnoll closely misses you.
The gnoll hits you from afar with a +0 spear.
You take 5 damage, and have 24/29 hp.
You barely miss the gnoll with your +0 hand axe of chaos.
The gnoll is moderately wounded.
You hit the gnoll but do no damage. The gnoll barely misses you.
The gnoll hits you from afar with a +0 spear.
The gnoll hits you with a +0 whip.
The gnoll hits you from afar with a +0 spear.
You take 8 damage, and have 16/29 hp.
MASSIVE DAMAGE!!
You are too injured to fight recklessly!
You are too injured to fight recklessly!
You are too injured to fight recklessly!
You are too injured to fight recklessly!
You are too injured to fight recklessly!
Okay, then.
The gnoll hits you with a +0 whip. The gnoll hits you but does no damage.
You take 5 damage, and have 11/29 hp.
The gnoll shouts!
You hit the gnoll but do no damage.
The gnoll suddenly seems more resistant.
You hit the gnoll with your +0 hand axe of chaos.
You freeze the gnoll. You hit the gnoll with your +0 dagger.
Xom's power flows through you!
You call out to the remnants of the fallen!
The gnoll hits you with a +0 whip!
* * * LOW HITPOINT WARNING * * *
The gnoll hits you with a +0 spear!
You die...
Xom is highly amused!

.#...#.# #.#
#.#...##.......†#
.#####.####.#
#.#...##.†#####†.#
............#
#.#...#.†## #..#
.......####.#
#........# ...
########
###########..+ ..
.. .......#....# ..
## #.♣.♣g♣.###..##
. #...$.g.#.....# .
#<...g@.....#.....
#.......###........
#.♣.♣.♣.# #########
#.......# #########


You could see 3 gnolls.

Vanquished Creatures
  2 ball pythons
  6 endoplasms
  4 giant cockroaches (D:1)
  3 goblins (D:1)
  A hobgoblin (D:1)
  8 jackals (D:2)
  A quokka (D:1)
  2 bats (D:1)
  2 frilled lizards
  3 kobolds (D:1)
  4 rats
36 creatures vanquished.

Notes
Turn   | Place    | Note
-------+----------+-------------------------------------------
     0 | D:1      | ezpacito the Coglin Chaos Knight began the quest for the
                  | Orb.
     0 | D:1      | Reached XP level 1. HP: 18/18 MP: 1/1
    50 | D:1      | Reached skill level 1 in Dodging
    66 | D:1      | XOM: divination: magic mapping
    96 | D:1      | XOM: divination: magic mapping
    99 | D:1      | Reached XP level 2. HP: 24/24 MP: 2/2
   295 | D:1      | XOM: 7-stop teleportation journey
   731 | D:1      | Reached XP level 3. HP: 29/29 MP: 3/3
   784 | D:1      | XOM: noise
   987 | D:2      | XOM: silly message
  1138 | D:2      | XOM: cast spell 'Fugue of the Fallen'
  1138 | D:2      | Slain by a gnoll

Illustrated notes

Levels and vault maps discovered:
D:1:      dpeg_arrival_round_a, layout_basic, serial_forest,
          infiniplex_forest_lined_2, infiniplex_forest_clump_curved,
          infiniplex_forest_clump_double, infiniplex_forest_corner_1,
          infiniplex_forest_lined_room_, infiniplex_forest_straight_3,
          infiniplex_forest_straight_2, infiniplex_forest_lined_room_
D:2:      layout_basic, grunt_ministairs_3, kennysheep_jessica_study

Skill      XL: |  1  2 |
---------------+-------+-----
Dodging        | 1 |  1.2
Armour         | 2 |  2.2
Fighting       | |  3.4
Axes           | |  3.1
Polearms       | |  0.7
Stealth        | |  0.3
Spellcasting   | |  0.2

Action                     || total
---------------------------++-------
  Melee: Hand axe          ||    72
         Dagger            ||    62
   Stab: Sleeping          ||     1
         Confused          ||     1
 Armour: Leather armour    ||    49
  Dodge: Dodged            ||    42

Table legend: (Time is in decaauts)
 A = Elapsed time spent in this place.
 B = Non-inter-level travel time spent in this place.
 C = Inter-level travel time spent in this place.
 D = Time resting spent in this place.
 E = Time spent auto-exploring this place.
 F = Levels seen in this place.
 G = Mean time per level.
                   A        B        C        D        E       F      G
               +--------+--------+--------+--------+--------+-----+--------+
         Total |   1142 |   1129 |     13 |      0 |    940 |   2 |  571.0 |
       Dungeon |   1142 |   1129 |     13 |      0 |    940 |   2 |  571.0 |
               +--------+--------+--------+--------+--------+-----+--------+

Top non-repeatable levels by time:
     D:1: 892 daAuts
     D:2: 249 daAuts
